 Dungeon Crawl Stone Soup version 0.29.1-12-g30fa7ad0bf (webtiles) character file.

Game seed: 17852812880377239464

287 112233 the Magician (level 6, 0/32 HPs)
             Began as a Deep Elf Earth Elementalist on Dec 18, 2022.
             Slain by a black bear (2 damage)
             ... on level 4 of the Dungeon.
             The game lasted 00:02:03 (3515 turns).

112233 the Magician (Deep Elf Earth Elementalist)   Turns: 3515, Time: 00:02:04

Health: 0/32       AC:  5    Str:  5    XL:     6   Next: 8%
Magic:  16/18      EV: 12    Int: 22    God:
Gold:   201        SH:  0    Dex: 15    Spells: 13/19 levels left

rFire   + . .      SeeInvis .   g - +1 hand axe (vorpal)
rCold   . . .      Faith    .   (no shield)
rNeg    + . .      Spirit   .   a - +0 robe
rPois   .          Reflect  .   (no helmet)
rElec   .          Harm     .   (no cloak)
rCorr   .          Rampage  .   j - +2 pair of gloves
Will    .....                   (no boots)
Stlth   ++........              (no amulet)
HPRegen 0.10/turn               k - ring of protection from fire
MPRegen 0.16/turn               l - ring of positive energy

@: about to teleport, weak-willed
A: no striking features
a: no special abilities


You were on level 4 of the Dungeon.
You visited 1 branch of the dungeon, and saw 4 of its levels.

You collected 201 gold pieces.

Inventory:

Hand Weapons
 g - a +1 vorpal hand axe (weapon)
Armour
 a - a +0 robe (worn)
 j - a +2 pair of gloves (worn)
Jewellery
 k - a ring of protection from fire (left hand)
 l - a ring of positive energy (right hand)
Scrolls
 d - a scroll of torment
 f - 3 scrolls of identify
 n - a scroll of enchant armour {unknown}
 p - a scroll of immolation {unknown}
 q - 2 scrolls of butterflies {unknown}
 s - a scroll of noise {unknown}
Potions
 b - 2 potions of magic
 c - 2 potions of berserk rage {unknown}
 m - a potion of curing {unknown}
 o - a potion of heal wounds {unknown}
 r - a potion of might {unknown}


   Skills:
 - Level 2.4 Dodging
 - Level 2.4 Stealth
 * Level 7.3 Spellcasting
 - Level 1.1 Transmutations
 + Level 5.0 Earth Magic


You had 13 spell levels left.
You knew the following spells:

 Your Spells              Type           Power      Damage    Failure   Level
a - Sandblast             Erth           60%        2d14      1%          1
b - Stone Arrow           Conj/Erth      38%        3d9       9%          3
c - Passwall              Tmut/Erth      17%        N/A       3%          2

Your spell library contained the following spells:

 Spells                   Type           Power      Damage    Failure   Level
 Petrify                  Tmut/Erth      21%        N/A       22%         4


Dungeon Overview and Level Annotations

Branches:
Dungeon (4/15)
 Temple: D:4-7

Altars:
Ashenzari


Message History

Aim: an orc wizard, wielding a +0 dagger and wearing a +0 robe (moderately wounded, 80% to hit)
The blast of sand hits the orc wizard.
The orc wizard is moderately wounded.
The orc priest mumbles some strange prayers to Beogh against you.
Beogh smites you!
The orc wizard hits you with a +0 dagger.
Casting: Sandblast (safe; 1% risk of failure)
Confirm with . or Enter, or press ? or * to list all spells.
Aiming: Sandblast (safe; 1% risk of failure)
Press: ? - help, Shift-Dir - straight line, f/p - orc wizard
Aim: an orc wizard, wielding a +0 dagger and wearing a +0 robe (moderately wounded, 80% to hit)
The blast of sand hits the orc wizard but does no damage.
The orc wizard is moderately wounded.
The orc wizard closely misses you.
Unknown command.
As you read the scroll labelled ARA HEN KAS, it crumbles to dust.
Magic quickly surges around you.
It was a scroll of vulnerability.
The orc wizard gestures at you while chanting.
The magic dart hits you.
Unknown command.
As you read the scroll labelled VON QIXZYAHA, it crumbles to dust.
It is a scroll of identify.
d - a scroll of torment
As you read the scroll labelled CAUNIDA KOON, it crumbles to dust.
You feel aware of your surroundings.
It was a scroll of magic mapping.
The orc wizard points at you and mumbles some strange words.
The puff of flame hits you. You resist.
* * * LOW HITPOINT WARNING * * *
The black bear barely misses you. The black bear claws you.
* * * LOW HITPOINT WARNING * * *
The black bear closely misses you.
As you read the scroll labelled DOKEXTAXIM, it crumbles to dust.
You feel strangely unstable.
It was a scroll of teleportation.
The orc wizard points at you and mumbles some strange words.
The puff of flame hits you. You resist.
* * * LOW HITPOINT WARNING * * *
The black bear bites you.
* * * LOW HITPOINT WARNING * * *
The black bear claws you.
You die...

*,,,,,,,,*........#########...#*,
*,,,,,,,,*,,......#...........#,,
**,,,,,,**,,,*#...##..........#,,
**,,,,,,**,,,##...##..........#,,
*,,,,,,,,,,,,#................#,,
*,,,,,,,,,,,,+................#,,
*,,,,,,,,,,,,#.[..##...####...##+
*,,,,,,,,,,,,#....##...#*##...##.
**,,,,,,**,,,#..@o.#.....#.......
*********,,,###h###..†..#.......
*,,,,*#ooo##.....#.......
*.........##.....#######.
*.........#####'##*,,,*#.
*..........,,,,..*,,,,*##
*......^....,,,..*,,,,,,,
*............,,,,*,,,,,,,
*....##...##..,,,*,,,,,,,


You could see a black bear (weak-willed), an orc priest (weak-willed), an orc
wizard (weak-willed) and 2 orcs.

Vanquished Creatures
  A phantom (D:4)
  2 jellies (D:3)
  6 adders
  4 dart slugs
  An orc (D:3)
  4 bats
  14 endoplasms
  3 giant cockroaches
  4 goblins
  7 hobgoblins
  9 jackals
  13 kobolds
  3 quokkas
  6 ball pythons
  2 frilled lizards (D:1)
  5 rats
84 creatures vanquished.

Vanquished Creatures (others)
  5 fungi (D:3)
  7 toadstools (D:3)
12 creatures vanquished.

Grand Total: 96 creatures vanquished

Notes
Turn   | Place    | Note
-------+----------+-------------------------------------------
     0 | D:1      | 112233 the Deep Elf Earth Elementalist began the quest for
                  | the Orb.
     0 | D:1      | Reached XP level 1. HP: 10/10 MP: 6/6
     7 | D:1      | Noticed an anaconda
    10 | D:1      | Noticed an anaconda
   254 | D:1      | Reached XP level 2. HP: 15/15 MP: 6/8
   380 | D:1      | Reached skill level 4 in Spellcasting
   729 | D:1      | Reached XP level 3. HP: 19/19 MP: 8/10
   929 | D:2      | Found a faded altar of an unknown god.
  1141 | D:2      | Learned a level 3 spell: Stone Arrow
  1144 | D:2      | Learned a level 2 spell: Passwall
  1413 | D:2      | Reached skill level 5 in Spellcasting
  1507 | D:2      | Reached XP level 4. HP: 9/24 MP: 9/13
  2451 | D:3      | Found a broken altar of Ashenzari.
  2939 | D:3      | Reached skill level 6 in Spellcasting
  3019 | D:3      | Reached XP level 5. HP: 28/28 MP: 12/15
  3387 | D:4      | Noticed a phantom
  3393 | D:4      | Killed a phantom
  3394 | D:4      | Reached skill level 7 in Spellcasting
  3394 | D:4      | Reached skill level 5 in Earth Magic
  3394 | D:4      | Reached XP level 6. HP: 22/32 MP: 12/18
  3515 | D:4      | Slain by a black bear

Illustrated notes

Levels and vault maps discovered:
D:1:      sevenhm_arrival_forest_fort_small_2, layout_loops_ring
D:2:      layout_basic, ebering_ecumenical_altar_rust
D:3:      cheibrodos_fertilizer, layout_rooms,
          mainiacjoe_overflow_small_starburst, grunt_ministairs_5
D:4:      layout_gridville

Skill      XL: |  1  2  3  4  5 |
---------------+----------------+-----
Spellcasting   | 4 5 6 7 |  7.3
Earth Magic    | 4 5 |  5.0
Dodging        | |  2.4
Stealth        | |  2.4
Transmutations | |  1.1

Action                   |  1- 3 |  4- 6 || total
-------------------------+-------+-------++-------
Melee: Hand axe          |     3 |     2 ||     5
 Cast: Sandblast         |    47 |    65 ||   112
       Passwall          |       |     1 ||     1
  Use: Scroll            |       |     4 ||     4
 Stab: Sleeping          |     1 |       ||     1
Armor: Robe              |     3 |    11 ||    14
Dodge: Dodged            |     7 |    27 ||    34
